AoeStats
← JamesNewstedd

Black Forest

509596644Analyzed
4v4 RM · 5d ago on Sep 27, 2026· 42m 42s· 8 players
Game mode
Random Map
Map size
Large (8 player)
Population
200
Speed
Normal
Resources
Standard
Victory
Conquest
Starting age
Dark Age
Ending age
Imperial Age
RankedLock teamsTeams togetherTeam positionsShared explorationLock speedFull tech treeHidden civsTurbo modeCheats
Victory
Defeat
🇫🇷 Chinese · France
1595
+9
🇱🇻 Mongols · Latvia
1567
+10
🇦🇷 Jurchens · Argentina
1553
+11
🇨🇳 Saracens · China
1546
+11
🇩🇪 Bengalis · Germany
1588
-15
🇩🇪 Magyars · Germany
1526
-13
🇩🇪 Gurjaras · Germany
1380
-8
🇩🇪 Byzantines · Germany
1246
-5
malathrock
0:28 Loom
10:41 Feudal Age
13:49 Wheelbarrow
14:33 Town Watch
16:59 Castle Age
14:48 Double-Bit Axe
15:01 Horse Collar
20:30 Hand Cart
24:45 Bow Saw
24:51 Heavy Plow
31:27 Imperial Age
32:21 Ballistics
31:31 Crossbowman
32:03 Fletching
33:17 Chemistry
32:41 Conscription
32:20 Arbalester
33:08 Bodkin Arrow
33:23 Thumb Ring
33:42 Masonry
33:32 Gold Mining
33:36 Stone Mining
34:49 Two-Man Saw
34:34 Bracer
34:35 Padded Archer Armor
35:37 Coinage
35:46 Caravan
38:15 Banking
37:52 Town Patrol
38:15 Leather Archer Armor
39:56 Architecture
39:22 Murder Holes
投掷哥布林
7:57 Loom
10:39 Feudal Age
14:45 Castle Age
13:13 Double-Bit Axe
13:10 Horse Collar
20:58 Wheelbarrow
20:09 Town Watch
22:30 Town Watch
24:25 Gold Mining
24:48 Bow Saw
24:40 Heavy Plow
27:13 Hand Cart
27:51 Stone Mining
29:34 Gold Shaft Mining
33:11 Imperial Age
32:26 Scale Barding Armor
32:31 Forging
33:29 Chain Barding Armor
34:59 Chemistry
34:41 Iron Casting
34:45 Plate Barding Armor
34:35 Conscription
33:39 Capped Ram
34:36 Elite Mameluke
36:02 Siege Ram
38:23 Blast Furnace
Zuvubii
6:48 Loom
8:57 Feudal Age
9:04 Loom
11:41 Double-Bit Axe
13:37 Horse Collar
15:55 Fletching
18:34 Wheelbarrow
22:40 Castle Age
23:41 Bow Saw
26:52 Heavy Plow
31:11 Imperial Age
29:20 Stone Mining
29:51 Gold Mining
31:21 Husbandry
31:25 Padded Archer Armor
31:23 Bodkin Arrow
32:12 Elite Mangudai
32:30 Elite Mangudai
33:30 Conscription
33:23 Bloodlines
34:05 Conscription
37:12 Bracer
37:37 Leather Archer Armor
39:31 Gold Shaft Mining
39:34 Stone Shaft Mining
40:12 Chemistry
39:40 Ballistics
42:39 Hoardings
42:20 Hand Cart
41:50 Town Watch
gjizhijian6866
11:25 Feudal Age
12:58 Loom
15:29 Castle Age
13:59 Double-Bit Axe
17:20 Bow Saw
16:58 Horse Collar
19:23 Wheelbarrow
21:33 Gold Mining
21:44 Heavy Plow
29:24 Imperial Age
28:15 Gold Shaft Mining
27:32 Stone Mining
28:05 Hand Cart
28:08 Caravan
29:01 Coinage
29:39 Stone Shaft Mining
29:41 Fortified Bastions
31:07 Two-Man Saw
30:38 Crop Rotation
30:33 Fervor
31:01 Conscription
31:19 Banking
31:11 Scale Barding Armor
32:13 Two-Man Saw
31:44 Thunderclap Bombs
31:03 Heavy Rocket Cart
32:22 Chain Barding Armor
32:14 Forging
32:34 Fletching
33:15 Bloodlines
33:30 Guilds
34:48 Chemistry
35:03 Iron Casting
35:05 Plate Barding Armor
34:40 Capped Ram
34:52 Elite Iron Pagoda
36:17 Siege Engineers
37:32 Blast Furnace
38:13 Ballistics
38:04 Masonry
37:35 Treadmill Crane
38:00 Squires
38:16 Siege Ram
39:23 Guard Tower
39:19 Arrowslits
40:13 Bodkin Arrow
41:21 Keep
40:42 Murder Holes
43:03 Architecture
42:49 Bracer
Öl1ng
12:07 Feudal Age
15:46 Castle Age
15:48 Double-Bit Axe
15:44 Horse Collar
18:03 Loom
18:51 Loom
20:07 Bow Saw
19:59 Gold Mining
20:57 Wheelbarrow
20:08 Town Watch
25:42 Heavy Plow
28:52 Hand Cart
28:24 Town Watch
29:19 Gold Shaft Mining
31:36 Imperial Age
29:00 Fletching
29:11 Padded Archer Armor
30:09 Bodkin Arrow
30:14 Padded Archer Armor
31:22 Ballistics
31:54 Leather Archer Armor
31:55 Paiks
32:32 Bracer
32:10 Elite Elephant Archer
34:33 Ring Archer Armor
34:29 Masonry
35:06 Siege Elephant
36:36 Architecture
37:07 Chemistry
39:26 Two-Man Saw
41:33 Guilds
Itzknixi
13:24 Feudal Age
17:21 Castle Age
15:37 Double-Bit Axe
15:54 Horse Collar
19:33 Loom
22:01 Fishing Lines
23:08 Wheelbarrow
23:23 Bow Saw
28:46 Imperial Age
27:45 Hand Cart
27:25 Gillnets
27:49 Gold Mining
27:51 Stone Mining
29:15 Gold Shaft Mining
29:16 Stone Shaft Mining
29:11 Treadmill Crane
30:29 Heavy Plow
31:38 Husbandry
32:30 Fortified Wall
33:33 Squires
32:55 Pikeman
34:42 Two-Man Saw
34:08 Padded Archer Armor
33:59 Fletching
34:33 Ballistics
34:50 Conscription
34:29 Halberdier
35:06 Arson
35:22 Bodkin Arrow
35:43 Leather Archer Armor
34:54 Elite Skirmisher
35:32 Cavalier
36:52 Forging
36:48 Scale Barding Armor
37:01 Thumb Ring
36:51 Paladin
41:17 Iron Casting
41:02 Chain Barding Armor
105er.DarkSheep
0:55 Loom
13:21 Feudal Age
16:57 Wheelbarrow
16:40 Double-Bit Axe
17:29 Fletching
21:23 Horse Collar
27:53 Castle Age
28:49 Bow Saw
30:12 Heavy Plow
39:15 Hand Cart
39:22 Caravan
40:03 Gold Mining
JamesNewstedd
0:49 Loom
15:30 Feudal Age
16:11 Town Watch
20:27 Castle Age
18:45 Double-Bit Axe
20:04 Fishing Lines
21:29 Wheelbarrow
21:22 Bow Saw
24:06 Caravan
26:35 Horse Collar
28:31 Fletching
28:32 Gold Mining
28:34 Stone Mining
29:17 Gillnets
32:06 Gold Shaft Mining
35:41 Imperial Age
33:25 Bodkin Arrow
33:15 Treadmill Crane
33:56 Ballistics
34:57 Padded Archer Armor
35:33 Hand Cart
35:28 Thumb Ring
36:17 Masonry
35:43 Heavy Cavalry Archer
35:49 Heavy Cavalry Archer
37:02 Parthian Tactics
36:09 Elite Skirmisher
37:17 Recurve Bow
37:38 Conscription
37:40 Bracer
38:01 Leather Archer Armor
38:58 Chemistry
40:27 Leather Archer Armor
Connection lost

Rejoining the realm…

Still unreachable

The connection could not be restored.

Session expired

The server has moved on; the page needs a fresh start.